 Dungeon Crawl Stone Soup version 0.17-a0-802-g1f09329 (webtiles) character file.

1677 chesuidayeur the Magician (level 9, -6/54 HPs)
             Began as an Octopode Wizard on Apr 26, 2015.
             Was a Follower of Sif Muna.
             Mangled by a shadow (10 damage)
             ... on level 7 of the Dungeon.
             The game lasted 00:55:50 (10785 turns).

chesuidayeur the Magician (Octopode Wizard)        Turns: 10785, Time: 00:55:50

Health: -6/54      AC:  2    Str:  6    XL:     9   Next: 1%
Magic:  12/17      EV: 13    Int: 23    God:    Sif Muna [*.....]
Gold:   252        SH:  0    Dex: 11    Spells: 6 memorised, 6 levels left

rFire  . . .     SeeInvis .     o - +2 trident
rCold  . . .     Clarity  .     (no shield)
rNeg   . . .     SustAb   .     a - +1 hat
rPois  .         Gourm    .     (no amulet)
rElec  .         Spirit   .     (no ring)
rCorr  .         Warding  .     (no ring)
rMut   .         Stasis   .     (no ring)
MR     .....                    (no ring)
Stlth  ++++......               (no ring)
                                (no ring)
                                (no ring)
                                (no ring)

@: very slightly contaminated, not resistant to hostile enchantments, stealthy
A: almost no armour, amphibious, 8 rings, constrict 8, camouflage 1, gelatinous
body 1
a: Channel Energy, Renounce Religion


You were on level 7 of the Dungeon.
You worshipped Sif Muna.
Sif Muna was aware of your devotion.
You were very hungry.

You visited 2 branches of the dungeon, and saw 8 of its levels.
You also visited: Ossuary.

You collected 389 gold pieces.
You spent 137 gold pieces at shops.

Inventory:

Hand weapons
 o - a +2 trident (weapon)
Armour
 a - a +1 hat (worn)
Jewellery
 B - an uncursed amulet of guardian spirit
Magical devices
 g - a wand of fireball (1)
 j - a wand of heal wounds (3)
Scrolls
 e - 2 scrolls of identify
 l - a scroll of blinking {unknown}
 n - 5 scrolls of teleportation
 t - a scroll of fog {unknown}
 u - 3 scrolls of noise
 x - a scroll of summoning {unknown}
 y - a scroll of vulnerability {unknown}
Potions
 f - 3 potions of might
 i - 2 potions of haste
 k - a potion of poison {unknown}
 p - a potion of resistance {unknown}
 q - 2 potions of cure mutation
 r - 2 potions of invisibility
 s - a potion of restore abilities {unknown}
 v - 2 potions of brilliance {unknown}
 w - 2 potions of agility {unknown}
 z - a potion of berserk rage {unknown}
 A - 3 potions of curing {unknown}
 C - 2 potions of heal wounds {unknown}
 D - a potion of flight {unknown}
Books
 b - a book of Minor Magic

   Spells                             Type                      Level
   a - Magic Dart                     Conjuration                  1
   b - Blink                          Translocation                2
   c - Call Imp                       Summoning                    2
   d - Repel Missiles                 Charms/Air                   2
   e - Slow                           Hexes                        2
   f - Conjure Flame                  Conjuration/Fire             3
   g - Mephitic Cloud                 Conjuration/Poison/Air       3
Comestibles
 c - 7 bread rations
 d - 3 meat rations


   Skills:
 + Level 1.9 Fighting
   Level 0.4 Short Blades
 + Level 1.7 Polearms
 + Level 3.7 Dodging
 + Level 4.2 Stealth
 - Level 5.8 Spellcasting
 + Level 5.3 Conjurations
 + Level 3.1 Hexes
 * Level 2.5 Charms
   Level 1.0 Summonings
 + Level 1.0 Translocations
 + Level 2.2 Fire Magic
 * Level 3.0 Air Magic
 + Level 1.3 Poison Magic


You had 6 spell levels left.
You knew the following spells:

 Your Spells              Type           Power        Failure   Level  Hunger
a - Magic Dart            Conj           ####         1%          1    None
b - Blink                 Tloc           N/A          12%         2    None
c - Repel Missiles        Chrm/Air       ###...       4%          2    None
d - Slow                  Hex            ###.....     3%          2    None
e - Mephitic Cloud        Conj/Pois/Air  ###.....     10%         3    #......
f - Conjure Flame         Conj/Fire      ###.....     8%          3    #......


Dungeon Overview and Level Annotations

Branches:
Dungeon (7/15)             Temple (1/1) D:5

Altars:
Ashenzari
Cheibriados
Dithmenos
Elyvilon
Fedhas
Gozag
Kikubaaqudgha
Makhleb
Nemelex Xobeh
Okawaru
Ru
Sif Muna
Trog
Vehumet
Xom
Yredelemnul
Zin
The Shining One

Shops:
D:4 *   D:6 ?

Annotations:
D:5 oplop's ghost, experienced GrEE


Innate Abilities, Weirdness & Mutations

You cannot wear most types of armour.
You are amphibious.
You can wear up to eight rings at the same time.
You can use your tentacles to constrict eight enemies at once.
Your skin changes colour to match your surroundings (Stealth).
Your rubbery body absorbs attacks (AC +1).


Message History

Reactivating autopickup.
You hit the shadow.
The shadow is moderately damaged.
The shadow hits you.
You hit the shadow but do no damage. Your squeeze misses the shadow.
The shadow is moderately damaged.
The shadow hits you!
You closely miss the shadow.
The shadow is moderately damaged.
The shadow hits you.
* * * LOW HITPOINT WARNING * * *
You hit the shadow.
The shadow is heavily damaged.
The shadow closely misses you.
You hit the shadow.
The shadow is heavily damaged.
The shadow hits you!
* * * LOW HITPOINT WARNING * * *
The shadow hits you!
You die...

#.# #.# .## #####
## ## ####..> .#
#######...#.. .#
.......# #..# .###
.......# #..# ยงยง.
....##.###..## ##W#
....##....#(.###@.#
....##.####.......#
.......# #########
....#### ....#
....# .##.# .##.#
.##..


You could see a shadow.

Vanquished Creatures
  2 ogres
  2 ice beasts (D:6)
  A phantom (D:4)
  2 centaurs
  A giant frog (D:6)
  4 scorpions
  3 water moccasin zombies (Ossuary)
  An orc priest (D:4)
  2 hounds
  2 giant frog skeletons
  2 iguanas
  Natasha (thrice) (D:2)
  3 worker ants (D:4)
  3 big kobold zombies (Ossuary)
  2 mummies (Ossuary)
  11 adders
  2 oozes (D:6)
  2 adder skeletons
  3 adder zombies (Ossuary)
  2 worms
  3 giant geckos
  11 orcs
  10 bats
  A bat skeleton (D:6)
  7 giant cockroaches
  11 hobgoblins
  11 jackals
  12 kobolds
  A quokka (D:5)
  2 ball pythons
  A giant gecko skeleton (D:6)
  7 giant newts
  3 gnoll zombies (Ossuary)
  11 goblins
  3 hobgoblin zombies (Ossuary)
  7 kobold zombies (Ossuary)
  4 orc zombies (Ossuary)
  49 rats
207 creatures vanquished.

Vanquished Creatures (others)
  A hobgoblin zombie (Ossuary)
  2 kobold zombies (Ossuary)
3 creatures vanquished.

Grand Total: 210 creatures vanquished

Notes
Turn   | Place    | Note
--------------------------------------------------------------
     0 | D:1      | chesuidayeur, the Octopode Wizard, began the quest for the Orb.
     0 | D:1      | Reached XP level 1. HP: 11/11 MP: 4/4
   297 | D:1      | Reached XP level 2. HP: 17/17 MP: 4/6
   320 | D:1      | Learned a level 2 spell: Blink
   323 | D:1      | Learned a level 2 spell: Repel Missiles
   326 | D:1      | Learned a level 2 spell: Slow
  1327 | D:2      | Noticed Natasha
  1337 | D:1      | Reached XP level 3. HP: 19/21 MP: 2/8
  1672 | D:2      | Killed Natasha
  1672 | D:2      | Reached XP level 4. HP: 9/27 MP: 4/9
  2130 | D:2      | Noticed Natasha
  2137 | D:2      | Killed Natasha
  2607 | D:2      | Learned a level 3 spell: Mephitic Cloud
  2813 | D:2      | Reached XP level 5. HP: 31/31 MP: 5/10
  2844 | D:2      | Reached skill level 4 in Spellcasting
  3043 | D:2      | Noticed Natasha
  3134 | D:2      | Killed Natasha
  4352 | D:3      | Reached skill level 1 in Hexes
  4352 | D:3      | Reached skill level 1 in Air Magic
  4352 | D:3      | Reached XP level 6. HP: 27/37 MP: 1/12
  5399 | D:4      | Found Vicameti's Assorted Antiques.
  5451 | D:4      | Reached skill level 5 in Spellcasting
  5686 | D:4      | Learned a level 3 spell: Conjure Flame
  6464 | D:4      | Reached XP level 7. HP: 14/42 MP: 6/14
  6833 | D:5      | Entered Level 5 of the Dungeon
  6855 | D:5      | Found a sand-covered staircase.
  6931 | Ossuary  | Entered an ossuary
  7631 | Ossuary  | Reached skill level 1 in Fighting
  8114 | D:5      | Reached skill level 1 in Polearms
  8114 | D:5      | Reached skill level 1 in Charms
  8114 | D:5      | Reached XP level 8. HP: 27/48 MP: 6/16
  8325 | D:5      | Found a staircase to the Ecumenical Temple.
  8370 | Temple   | Entered the Ecumenical Temple
  8416 | Temple   | Became a worshipper of Sif Muna the Loreminder
  8691 | D:5      | Reached skill level 1 in Fire Magic
  9052 | D:5      | Noticed oplop's ghost (experienced GrEE)
  9185 | D:6      | Found Egazil's Magic Scroll Shoppe.
  9192 | D:6      | Bought a scroll of enchant weapon for 82 gold pieces
  9192 | D:6      | Bought a scroll of identify for 22 gold pieces
  9192 | D:6      | Bought a scroll of noise for 11 gold pieces
  9192 | D:6      | Bought a scroll of identify for 22 gold pieces
  9762 | D:6      | Found an ancient bone altar of Kikubaaqudgha.
  9809 | D:6      | Acquired Sif Muna's first power
  9809 | D:6      | Reached skill level 1 in Poison Magic
  9987 | D:6      | Reached skill level 5 in Conjurations
 10381 | D:6      | Found a shadowy altar of Dithmenos.
 10632 | D:7      | Reached XP level 9. HP: 54/54 MP: 4/17
 10785 | D:7      | Mangled by a shadow

Action                   |  1- 3 |  4- 6 |  7- 9 || total
-------------------------+-------+-------+-------++-------
Melee: Unarmed           |     2 |       |       ||     2
       Short sword       |    20 |    36 |       ||    56
       Trident           |       |    32 |   112 ||   144
 Cast: Magic Dart        |    62 |   196 |   141 ||   399
       Repel Missiles    |     1 |     1 |       ||     2
       Slow              |     2 |    30 |    15 ||    47
       Mephitic Cloud    |       |    10 |     8 ||    18
       Blink             |       |     1 |       ||     1
       Conjure Flame     |       |       |    27 ||    27
Evoke: Wand              |       |       |     1 ||     1
  Use: Scroll            |       |     3 |     8 ||    11
  Eat: Chunk             |     2 |    14 |     4 ||    20
       Pizza             |       |     1 |     1 ||     2
       Fruit             |       |       |     5 ||     5
       Royal jelly       |       |       |     1 ||     1
       Beef jerky        |       |       |     1 ||     1
